 Dungeon Crawl Stone Soup version 0.31-a0-150-g89dc3ad700 (webtiles) character file.

Game seed: 2746205532371210153

29943 qw the Marksgargoyle (level 13, -17/84 HPs)
             Began as a Gargoyle Hunter on June 8, 2023.
             Was a High Priest of Okawaru.
             Demolished by a death yak (20 damage)
             ... on level 5 of the Lair of Beasts.
             The game lasted 00:04:23 (10513 turns).

qw the Marksgargoyle (Gargoyle Hunter)             Turns: 10513, Time: 00:04:24

Health: -17/84     AC: 21    Str: 15    XL:     13   Next: 48%
Magic:  16/20      EV: 21    Int: 24    God:    Okawaru [*****.]
Gold:   1586       SH:  0    Dex: 23    Spells: 12/12 levels left

rFire   . . .        f - +3 longbow "Qoseg" {freeze, Contam rC++ Will+ Int+4}
rCold   + + .        (shield currently unavailable)
rNeg    + . .        p - +3 leather armour of Utaceracra {Int+3 Dex+6}
rPois   inf          i - +1 hat
rElec   +            m - +1 cloak of the Wumpus {rCorr Int+6}
rCorr   +            k - +0 pair of gloves
SInv    +            (no boots)
Will    +....        q - amulet of faith
Stlth   +++          e - +4 ring of slaying {mikee}
HPRegen 0.34/turn    n - ring of see invisible
MPRegen 0.17/turn

%: faith
@: heroic, finesse-ful
A: sickness immunity, AC +9, negative energy resistance 1, electricity
resistance, torment resistance 1, petrification resistance
a: Renounce Religion, Heroism, Finesse, Duel


You were on level 5 of the Lair of Beasts.
You worshipped Okawaru.
Okawaru was extremely pleased with you.
You visited 3 branches of the dungeon, and saw 13 of its levels.
You also visited: Sewer.

You collected 1586 gold pieces.


Innate Abilities, Weirdness & Mutations

You are immune to sickness and miasma.
Your stone body is resilient. (AC +9)
You are immune to poison.
You resist negative energy. (rN+)
You are resistant to electric shocks. (rElec)
You are resistant to unholy torment.
You are immune to petrification.


   Skills:
 - Level 11.0(16.0) Fighting
 + Level 16.5(21.5) Ranged Weapons
 - Level 3.1(8.1) Armour
 - Level 7.0(12.0) Dodging
 - Level 1.1(6.1) Stealth
 - Level 10.0 Invocations


You had 12 spell levels left.
You didn't know any spells.
Your spell library was empty.

Inventory:

Hand Weapons
 f - the +3 longbow "Qoseg" (weapon) {freeze, Contam rC++ Will+ Int+4}
   (Okawaru gifted it to you on level 2 of the Lair of Beasts)

   Int:       It affects your intelligence (+4).
   rC:        It greatly protects you from cold.
   Contam:    It causes magical contamination when unequipped.
   Will:      It increases your willpower.
Armour
 i - a +1 hat (worn)
 k - a +0 pair of gloves (worn)
 m - the +1 cloak of the Wumpus (worn) {rCorr Int+6}
   (Okawaru gifted it to you on level 2 of the Lair of Beasts)

   Int:       It affects your intelligence (+6).
   rCorr:     It protects you from acid and corrosion.
 p - the +3 leather armour of Utaceracra (worn) {Int+3 Dex+6}
   (You found it on level 5 of the Dungeon)

   Int:       It affects your intelligence (+3).
   Dex:       It affects your dexterity (+6).
 t - a +0 pair of boots
Jewellery
 a - a ring of protection from fire
 b - a ring of resist corrosion
 e - a +4 ring of slaying (left hand) {mikee}
 j - a ring of willpower
 n - a ring of see invisible (right hand)
 q - an amulet of faith (around neck)
Scrolls
 d - 3 scrolls of identify
Potions
 c - a potion of mutation
 g - 4 potions of curing
 h - a potion of cancellation {unknown}
 l - 3 potions of might
 o - a potion of resistance
 r - a potion of lignification {unknown}

Dungeon Overview and Level Annotations

Branches:
Dungeon (8/15)             Temple (1/1) D:4            Lair (3/5) D:8
  Swamp (0/4) Lair:2        Sewer (visited)
  Snake: Lair:2-3    Spider: Lair:2-3

Altars:
Ashenzari
Cheibriados
Dithmenos
Elyvilon
Fedhas
Hepliaklqana
Kikubaaqudgha
Nemelex Xobeh
Okawaru
Qazlal
Ru
Trog
Uskayaw
Vehumet
Wu Jian
Xom
Yredelemnul
Zin
The Shining One

Shops:
D:2 [

Annotations:
D:3 1 runed translucent door, Crazy Yiuf


Message History

You shoot an arrow. The arrow hits the death yak!
The arrow freezes the death yak.
The death yak is heavily wounded.
You shoot an arrow. The arrow hits the death yak.
The arrow freezes the death yak.
The death yak is severely wounded.
The death yak barely misses you. The death yak gores you!
You shoot an arrow. The arrow hits the death yak!!
The arrow freezes the death yak.
You kill the death yak!
Okawaru accepts your kill.
You shoot an arrow. The arrow barely misses the death yak.
The arrow hits the death yak!!
The arrow freezes the death yak!
The death yak is heavily wounded.
You hear a bellow!
You shoot an arrow. The arrow hits the death yak!
The arrow freezes the death yak.
The death yak is moderately wounded.
You shoot an arrow. The arrow hits the death yak.
The arrow freezes the death yak.
The death yak is heavily wounded.
You shoot an arrow. The arrow hits the death yak!!
The arrow freezes the death yak.
The death yak is almost dead.
You shoot an arrow. The arrow hits the death yak.
The arrow freezes the death yak.
The death yak is almost dead.
The death yak barely misses you. The death yak closely misses you. x2
You shoot an arrow. The arrow hits the death yak.
The arrow freezes the death yak.
The death yak is almost dead.
You shoot an arrow. The arrow hits the death yak!
The arrow freezes the death yak.
You kill the death yak!
Okawaru is honoured by your kill.
You shoot an arrow. The arrow hits the death yak!
The arrow freezes the death yak.
The death yak is heavily wounded.
The death yak gores you!!
You die...

## ##.. ##
....P#.## #
........#.#
.......@Y#
..77.77Y%....#
......##
.~~~7...#
..~~..7.P#
~.~....~.7#
.~.~.~.~~ #
~~.~....~~.


You could see 2 death yaks.

Vanquished Creatures
  3 hydras
  8 death yaks
  19 elephants
  4 black mambas
  6 cane toads
  Psyche (D:8)
  4 komodo dragons
  A polar bear (Lair:3)
  Grinder (D:3)
  12 blink frogs
  25 yaks
  A spriggan (D:7)
  A wyvern (Lair:3)
  4 vampire mosquitoes (Lair:2)
  2 steam dragons
  5 water moccasins
  An orc warrior (D:6)
  2 sky beasts (D:7)
  2 ice beasts
  A black bear (Lair:1)
  9 wolves
  5 centaurs
  2 ogres
  A phantom (D:5)
  4 kobold brigands
  11 bullfrogs
  A necrophage (D:7)
  A gnoll sergeant (D:5)
  13 wights
  8 killer bees (D:8)
  3 howler monkeys (D:7)
  3 hounds
  4 jellies
  2 gnoll boudas
  2 orc priests
  An iguana (D:5)
  Terence (D:3)
  6 orc wizards
  20 gnolls
  11 adders
  2 river rats
  A shadow imp (D:6)
  An ufetubus (D:4)
  A worm (D:2)
  3 dart slugs
  24 orcs
  14 ball pythons
  7 endoplasms
  6 giant cockroaches
  4 goblins
  10 hobgoblins
  8 jackals
  3 quokkas
  8 bats
  8 frilled lizards
  22 kobolds
  10 rats
343 creatures vanquished.

Notes
Turn   | Place    | Note
-------+----------+-------------------------------------------
     0 | D:1      | qw the Gargoyle Hunter began the quest for the Orb.
     0 | D:1      | Reached XP level 1. HP: 12/12 MP: 1/1
     0 | D:1      | 0 ||| qw: Version: 0.2-a-119-g7aa9181
     0 | D:1      | 0 ||| qw: Game counter: 2762
     0 | D:1      | 0 ||| qw: Always use a shield: true
     0 | D:1      | 0 ||| qw: God list: Okawaru
     0 | D:1      | 0 ||| qw: Allow faded altars: false
     0 | D:1      | 0 ||| qw: Do Orc after D:15 true
     0 | D:1      | 0 ||| qw: Do second Lair branch before Depths: true
     0 | D:1      | 0 ||| qw: Lair rune preference: random
     0 | D:1      | 0 ||| qw: Plans: Normal
     0 | D:1      | 0 ||| PLANNING D:1-11
   161 | D:1      | Reached XP level 2. HP: 17/17 MP: 2/2
   422 | D:1      | Reached XP level 3. HP: 21/21 MP: 3/3
   518 | D:1      | 518 ||| UPGRADING to +0 ring mail.
   528 | D:1      | 528 ||| DROPPING +0 leather armour.
   529 | D:1      | 529 ||| READING scroll labelled MOXZAW KUAMU.
   530 | D:1      | 530 ||| READING scroll labelled SYESEH AZYZE.
   531 | D:1      | 531 ||| DRINKING 2 bubbling red potions.
   532 | D:1      | 532 ||| DROPPING scroll of butterflies.
   614 | D:2      | Reached skill level 1 in Armour
   731 | D:2      | Reached skill level 5 in Ranged Weapons
   777 | D:2      | Reached XP level 4. HP: 27/27 MP: 4/4
  1006 | D:2      | 1006 ||| UPGRADING to +4 ring of slaying {mikee}.
  1007 | D:2      | 1007 ||| READING scroll labelled BIRUZONESCHA.
  1009 | D:2      | 1009 ||| READING scroll labelled ATITZOG AGRAVE.
  1010 | D:2      | 1010 ||| READING scroll labelled VUNWITYASCH.
  1012 | D:2      | Found Zecol's Antique Armour Emporium.
  1022 | D:2      | 1022 ||| SHOPLISTING helmet (112 gold, have 29).
  1179 | D:2      | Reached skill level 3 in Fighting
  1201 | D:2      | 1201 ||| DROPPING +6 ring of intelligence.
  1202 | D:2      | 1202 ||| READING 2 scrolls labelled QEOWKU NUNIET.
  1419 | D:3      | Noticed Grinder
  1421 | D:3      | Reached XP level 5. HP: 30/32 MP: 5/5
  1431 | D:3      | Paralysed by Grinder for 3 turns
  1444 | D:3      | Killed Grinder
  1445 | D:3      | Reached skill level 7 in Ranged Weapons
  1445 | D:3      | Reached XP level 6. HP: 37/37 MP: 6/6
  1481 | D:3      | Noticed Terence
  1494 | D:3      | Killed Terence
  1667 | D:3      | HP: 7/38 [gnoll/+0 halberd (7)]
  1668 | D:3      | Reached XP level 7. HP: 7/43 MP: 7/7
  1668 | D:3      | 1668 ||| READING scroll of teleportation.
  1921 | D:3      | Found a snail-covered altar of Cheibriados.
  2371 | D:3      | Found a runed translucent door.
  2372 | D:3      | Noticed Crazy Yiuf
  2501 | D:3      | Found a white marble altar of Elyvilon.
  2628 | D:3      | 2628 ||| UPGRADING to +0 pair of gloves.
  2633 | D:3      | 2633 ||| DROPPING ring of flight.
  2634 | D:3      | 2634 ||| READING scroll labelled FEARUH OSKUSCH.
  2635 | D:3      | 2635 ||| READING scroll labelled OSE SUNIMPEDGH.
  2636 | D:3      | 2636 ||| READING scroll labelled SUKIRI HEAGAL.
  2637 | D:3      | 2637 ||| READING 3 scrolls of identify.
  2637 | D:3      | 2637 ||| IDENTIFYING purple potion
  2638 | D:3      | 2638 ||| READING 2 scrolls of identify.
  2638 | D:3      | 2638 ||| IDENTIFYING ruby potion
  2639 | D:3      | 2639 ||| DROPPING potion of attraction.
  2640 | D:3      | 2640 ||| DROPPING potion of magic.
  2779 | D:4      | Found a staircase to the Ecumenical Temple.
  2780 | D:4      | 2780 ||| PLANNING TEMPLE
  2780 | D:4      | 2780 ||| DROPPING scarf of shadows.
  2781 | D:4      | 2781 ||| READING 3 scrolls of identify.
  2781 | D:4      | 2781 ||| IDENTIFYING silvery potion
  2782 | D:4      | 2782 ||| DROPPING potion of invisibility.
  2792 | Temple   | Entered the Ecumenical Temple
  2901 | Temple   | 2901 ||| PLANNING OKAWARU WORSHIP
  2922 | Temple   | 2922 ||| UPGRADING to ring of resist corrosion.
  2936 | Temple   | Became a worshipper of Warmaster Okawaru
  2936 | Temple   | 2936 ||| PLANNING D:1-11
  3029 | D:4      | Found a hide-covered altar of Uskayaw.
  3321 | D:4      | You fall into a shaft and drop 2 floors!
  3322 | D:6      | 3322 ||| PLANNING SEWER
  3353 | D:6      | Reached skill level 8 in Ranged Weapons
  3383 | D:6      | Found a stormy altar of Qazlal.
  3513 | D:6      | 3513 ||| Stepping ~*~*~tactically~*~*~ (outnumbered).
  3515 | D:6      | 3515 ||| Stepping ~*~*~tactically~*~*~ (outnumbered).
  3517 | D:6      | 3517 ||| Stepping ~*~*~tactically~*~*~ (outnumbered).
  3519 | D:6      | 3519 ||| Stepping ~*~*~tactically~*~*~ (outnumbered).
  3629 | D:6      | Reached XP level 8. HP: 47/49 MP: 8/8
  3656 | D:6      | Reached * piety under Okawaru
  3659 | D:6      | 3659 ||| INVOKING Heroism.
  3672 | D:6      | Reached skill level 1 in Invocations
  3879 | D:6      | Found a glowing drain.
  3883 | D:6      | 3883 ||| UPGRADING to +0 leather armour of cold resistance.
  3887 | D:6      | 3887 ||| UPGRADING to +0 leather armour of cold resistance.
  3897 | D:6      | 3897 ||| UPGRADING to ring of willpower.
  3899 | D:6      | 3899 ||| UPGRADING to ring of protection from fire.
  3901 | D:6      | 3901 ||| READING 4 scrolls of identify.
  3901 | D:6      | 3901 ||| IDENTIFYING amethyst potion
  3902 | D:6      | 3902 ||| DROPPING potion of ambrosia.
  3908 | Sewer    | Entered a sewer
  3913 | Sewer    | 3913 ||| Stepping ~*~*~tactically~*~*~ (outnumbered).
  3934 | Sewer    | 3934 ||| Stepping ~*~*~tactically~*~*~ (outnumbered).
  3948 | Sewer    | 3948 ||| Stepping ~*~*~tactically~*~*~ (water).
  3950 | Sewer    | 3950 ||| Stepping ~*~*~tactically~*~*~ (water).
  3952 | Sewer    | 3952 ||| Stepping ~*~*~tactically~*~*~ (water).
  3957 | Sewer    | 3957 ||| Stepping ~*~*~tactically~*~*~ (water).
  3960 | Sewer    | 3960 ||| Stepping ~*~*~tactically~*~*~ (water).
  3982 | Sewer    | 3982 ||| Stepping ~*~*~tactically~*~*~ (water).
  3985 | Sewer    | 3985 ||| Stepping ~*~*~tactically~*~*~ (water).
  3999 | Sewer    | 3999 ||| Stepping ~*~*~tactically~*~*~ (water).
  4014 | Sewer    | 4014 ||| Stepping ~*~*~tactically~*~*~ (water).
  4016 | Sewer    | 4016 ||| Stepping ~*~*~tactically~*~*~ (water).
  4024 | Sewer    | Reached skill level 9 in Ranged Weapons
  4024 | Sewer    | Reached skill level 3 in Invocations
  4154 | Sewer    | 4154 ||| Stepping ~*~*~tactically~*~*~ (water).
  4304 | Sewer    | 4304 ||| READING 2 scrolls labelled OPNEONE CUUS DAGG.
  4304 | Sewer    | Identified 2 scrolls of acquirement
  4304 | Sewer    | 4304 ||| ACQUIRING +3 heavy orcbow
  4304 | Sewer    | Acquired a +3 heavy orcbow
  4308 | Sewer    | 4308 ||| SWAPPING to +3 heavy orcbow.
  4311 | Sewer    | 4311 ||| DROPPING +1 shortbow.
  4312 | Sewer    | 4312 ||| READING scroll of acquirement.
  4312 | Sewer    | 4312 ||| ACQUIRING 817 gold pieces
  4312 | Sewer    | Acquired 817 gold pieces
  4487 | Sewer    | 4487 ||| READING scroll labelled QUENKEIGYE.
  4488 | Sewer    | 4488 ||| READING 3 scrolls of identify.
  4488 | Sewer    | 4488 ||| IDENTIFYING fuming green potion
  4493 | D:6      | 4493 ||| PLANNING D:1-11
  4517 | D:5      | Entered Level 5 of the Dungeon
  4566 | D:4      | 4566 ||| INVOKING Heroism.
  4829 | D:5      | 4829 ||| INVOKING Heroism.
  4837 | D:5      | Reached skill level 6 in Fighting
  4931 | D:5      | 4931 ||| INVOKING Heroism.
  4935 | D:5      | Reached XP level 9. HP: 30/55 MP: 9/12
  5198 | D:5      | Found a radiant altar of Vehumet.
  5233 | D:5      | 5233 ||| INVOKING Heroism.
  5402 | D:5      | 5402 ||| INVOKING Heroism.
  5411 | D:5      | Reached skill level 10 in Ranged Weapons
  5494 | D:5      | Identified the +3 leather armour of Utaceracra {Int+3
                  | Dex+6}
  5818 | D:5      | 5818 ||| UPGRADING to +3 leather armour of willpower.
  5828 | D:5      | 5828 ||| DROPPING +0 ring mail.
  5829 | D:5      | 5829 ||| DROPPING +0 leather armour of cold resistance.
  5830 | D:5      | 5830 ||| UPGRADING to +3 leather armour of Utaceracra
                  | {Int+3 Dex+6}.
  5840 | D:5      | 5840 ||| DROPPING +3 leather armour of willpower.
  5841 | D:5      | 5841 ||| UPGRADING to ring of see invisible.
  5843 | D:5      | 5843 ||| READING 2 scrolls of identify.
  5843 | D:5      | 5843 ||| IDENTIFYING viscous ruby potion
  5955 | D:7      | Reached skill level 3 in Dodging
  5980 | D:7      | 5980 ||| INVOKING Heroism.
  5985 | D:7      | 5985 ||| FLEEEEING.
  5988 | D:7      | 5988 ||| FLEEEEING.
  5989 | D:7      | 5989 ||| FLEEEEING.
  5990 | D:7      | 5990 ||| FLEEEEING.
  5993 | D:7      | 5993 ||| FLEEEEING.
  5994 | D:7      | 5994 ||| FLEEEEING.
  5995 | D:7      | 5995 ||| FLEEEEING.
  5996 | D:7      | 5996 ||| STAIRDANCE
  6100 | D:7      | Reached ** piety under Okawaru
  6171 | D:7      | 6171 ||| READING scroll of enchant weapon.
  6171 | D:7      | 6171 ||| ENCHANTING +3 heavy orcbow.
  6259 | D:7      | 6259 ||| INVOKING Heroism.
  6365 | D:7      | Reached skill level 11 in Ranged Weapons
  6371 | D:7      | Reached XP level 10. HP: 63/63 MP: 13/13
  6425 | D:7      | Found a blossoming altar of Fedhas.
  6554 | D:7      | 6554 ||| UPGRADING to +1 hat.
  6559 | D:7      | 6559 ||| READING scroll labelled CEUF GUIMASCH.
  6560 | D:7      | 6560 ||| READING scroll labelled OFUTAMADAI.
  6561 | D:7      | 6561 ||| READING 2 scrolls of identify.
  6561 | D:7      | 6561 ||| IDENTIFYING viscous inky potion
  6695 | D:8      | Found a flagged portal.
  6728 | D:8      | Reached *** piety under Okawaru
  6824 | D:8      | Noticed Psyche
  6825 | D:8      | 6825 ||| INVOKING Heroism.
  6828 | D:8      | Killed Psyche
  6829 | D:8      | Reached skill level 12 in Ranged Weapons
  6903 | D:8      | Found a staircase to the Lair.
  7394 | D:8      | 7394 ||| PLANNING LAIR
  7394 | D:8      | 7394 ||| DROPPING amulet of guardian spirit.
  7395 | D:8      | 7395 ||| READING scroll labelled DURRON MIUNAU.
  7432 | Lair:1   | Entered Level 1 of the Lair of Beasts
  7456 | Lair:1   | Noticed a black mamba
  7457 | Lair:1   | 7457 ||| INVOKING Heroism.
  7459 | Lair:1   | Killed a black mamba
  7493 | Lair:1   | Noticed a cane toad
  7494 | Lair:1   | 7494 ||| INVOKING Heroism.
  7505 | Lair:1   | Killed a cane toad
  7609 | Lair:1   | Noticed a cane toad
  7610 | Lair:1   | 7610 ||| INVOKING Heroism.
  7612 | Lair:1   | Killed a cane toad
  7661 | Lair:1   | Noticed an elephant
  7662 | Lair:1   | Noticed an elephant
  7663 | Lair:1   | Noticed an elephant
  7663 | Lair:1   | Noticed an elephant
  7664 | Lair:1   | Noticed an elephant
  7664 | Lair:1   | Noticed an elephant
  7666 | Lair:1   | Killed an elephant
  7667 | Lair:1   | Reached skill level 13 in Ranged Weapons
  7670 | Lair:1   | Killed an elephant
  7672 | Lair:1   | 7672 ||| INVOKING Heroism.
  7673 | Lair:1   | Killed an elephant
  7673 | Lair:1   | Reached **** piety under Okawaru
  7673 | Lair:1   | HP: 16/65 [elephant (3)]
  7674 | Lair:1   | Reached skill level 9 in Fighting
  7674 | Lair:1   | Reached XP level 11. HP: 16/71 MP: 11/14
  7674 | Lair:1   | 7674 ||| READING scroll of teleportation.
  7937 | Lair:1   | 7937 ||| INVOKING Heroism.
  8034 | Lair:1   | 8034 ||| INVOKING Heroism.
  8357 | Lair:1   | Reached skill level 6 in Invocations
  8458 | Lair:1   | 8458 ||| UPGRADING to amulet of faith.
  8463 | Lair:1   | 8463 ||| READING 3 scrolls of identify.
  8463 | Lair:1   | 8463 ||| IDENTIFYING yellow potion
  8464 | Lair:1   | 8464 ||| READING 2 scrolls of identify.
  8464 | Lair:1   | 8464 ||| IDENTIFYING pink potion
  8465 | Lair:1   | 8465 ||| DROPPING potion of brilliance.
  8508 | Lair:2   | 8508 ||| INVOKING Heroism.
  8591 | Lair:2   | Received a gift from Okawaru
  8620 | Lair:2   | Noticed a death yak
  8620 | Lair:2   | Noticed a death yak
  8621 | Lair:2   | 8621 ||| INVOKING Heroism.
  8621 | Lair:2   | Noticed a death yak
  8622 | Lair:2   | Noticed a death yak
  8625 | Lair:2   | Noticed a death yak
  8633 | Lair:2   | Reached skill level 14 in Ranged Weapons
  8636 | Lair:2   | Reached ***** piety under Okawaru
  8637 | Lair:2   | 8637 ||| INVOKING Finesse.
  8647 | Lair:2   | HP: 16/71 [elephant (2)]
  8648 | Lair:2   | 8648 ||| READING scroll of teleportation.
  8649 | Lair:2   | 8649 ||| DRINKING potion of heal wounds.
  8651 | Lair:2   | Noticed a four-headed hydra
  8655 | Lair:2   | Killed a four-headed hydra
  8655 | Lair:2   | Identified the +3 longbow "Qoseg" {freeze, Contam rC++
                  | Will+ Int+4} (Okawaru gifted it to you on level 2 of the
                  | Lair of Beasts)
  8655 | Lair:2   | Received a gift from Okawaru
  8668 | Lair:2   | 8668 ||| INVOKING Heroism.
  8674 | Lair:2   | Reached XP level 12. HP: 48/77 MP: 13/18
  8694 | Lair:2   | Reached skill level 9 in Invocations
  8777 | Lair:2   | 8777 ||| SWAPPING to +3 longbow "Qoseg" {freeze, Contam
                  | rC++ Will+ Int+4}.
  8778 | Lair:2   | 8778 ||| DROPPING +4 heavy orcbow.
  8794 | Lair:2   | 8794 ||| INVOKING Heroism.
  8862 | Lair:2   | Found a dark tunnel.
  9070 | Lair:2   | Noticed a seven-headed hydra
  9071 | Lair:2   | 9071 ||| INVOKING Heroism.
  9072 | Lair:2   | 9072 ||| INVOKING Finesse.
  9074 | Lair:2   | Killed a seven-headed hydra
  9075 | Lair:2   | Reached skill level 6 in Dodging
  9163 | Lair:2   | Identified the +1 cloak of the Wumpus {rCorr Int+6}
                  | (Okawaru gifted it to you on level 2 of the Lair of Beasts)
  9163 | Lair:2   | Received a gift from Okawaru
  9282 | Lair:2   | 9282 ||| INVOKING Heroism.
  9283 | Lair:2   | 9283 ||| INVOKING Finesse.
  9288 | Lair:2   | Killed a death yak
  9294 | Lair:2   | Killed a death yak
  9303 | Lair:2   | Killed a death yak
  9314 | Lair:2   | Killed a death yak
  9315 | Lair:2   | Reached skill level 15 in Ranged Weapons
  9319 | Lair:2   | Killed a death yak
  9370 | Lair:2   | Found a staircase to the Swamp.
  9623 | Lair:2   | 9623 ||| UPGRADING to +1 cloak of the Wumpus {rCorr Int+6}.
  9662 | Lair:3   | 9662 ||| INVOKING Heroism.
  9671 | Lair:3   | Reached skill level 3 in Armour
  9674 | Lair:3   | 9674 ||| STAIRDANCE
  9684 | Lair:2   | HP: 19/77 [wolf (3)]
  9689 | Lair:2   | HP: 10/77 [wolf (1)]
  9914 | Lair:3   | 9914 ||| STAIRDANCE
  9917 | Lair:2   | 9917 ||| INVOKING Heroism.
 10048 | Lair:3   | 10048 ||| INVOKING Heroism.
 10064 | Lair:3   | Reached XP level 13. HP: 51/82 MP: 18/20
 10070 | Lair:3   | Reached skill level 16 in Ranged Weapons
 10101 | Lair:3   | 10101 ||| STAIRDANCE
 10159 | Lair:3   | 10159 ||| INVOKING Heroism.
 10199 | Lair:3   | 10199 ||| STAIRDANCE
 10345 | Lair:3   | 10345 ||| INVOKING Heroism.
 10437 | Lair:3   | You fall into a shaft and drop 2 floors!
 10437 | Lair:5   | Entered Level 5 of the Lair of Beasts
 10454 | Lair:5   | 10454 ||| INVOKING Heroism.
 10459 | Lair:5   | Received a gift from Okawaru
 10490 | Lair:5   | HP: 20/84 [acid (4)]
 10491 | Lair:5   | 10491 ||| READING scroll of teleportation.
 10496 | Lair:5   | 10496 ||| INVOKING Finesse.
 10501 | Lair:5   | HP: 13/84 [death yak (10)]
 10504 | Lair:5   | HP: 2/84 [death yak (11)]
 10513 | Lair:5   | Demolished by a death yak

Levels and vault maps discovered:
D:1:      dpeg_arrival_three_same_balls, layout_rooms, minmay_misc_feat_doors,
          corexii_item_surrounded_by_moat, st_stairs_13
D:2:      layout_basic, serial_co_window_serial, co_window_corner_a,
          co_window_paths_b, co_window_corner_a, co_window_paths_a,
          co_window_of_opportunity_a, co_window_broadway_c, co_window_corner_b,
          co_window_corner_b, co_window_corner_b, co_window_2corner,
          glass_columns_a, serial_shops, nicolae_shop_trees, minmay_between
D:3:      layout_basic, nicolae_elyvilon_temple_path, lemuel_doored_altar,
          uniq_grinder, uniq_crazy_yiuf_cottage, uniq_terence
D:4:      layout_loops_ring, amcnicky_altar_gilded,
          minmay_temple_entry_antechambers, corexii_leaking_fountain
D:5:      layout_basic, mainiacjoe_overflow_tiny_flanked, lightli_minifort
D:6:      layout_rooms, grunt_qazlal_clouds, portal_sewer_entry_c,
          dreamdust_gnoll_farm
D:7:      layout_rooms, fedhas_altar_decomposition, the_hattery
D:8:      layout_basic, dpeg_oklobed_lair, enter_bailey_2, uniq_psyche
Temple:   hellmonk_temple_forest_ring
Lair:1:   layout_regular_city
Lair:2:   layout_regular_city, minmay_swamp_entry_swarm,
          nicolae_volcano_entry_hallway
Lair:3:   layout_big_grid, nicolae_spider_entry_orb_guardian
Lair:5:   grunt_lair_end_beastmaster, layout_cave_pods,
          nicolae_slime_entry_field_trip, nicolae_quartered_pool_super,
          grunt_megastairs_4, infiniplex_staircase_pool, uniq_rupert

Skill      XL: |  1  2  3  4  5  6  7  8  9 10 11 12 13 |
---------------+----------------------------------------+-----
Armour         | 1 2 3 |  3.1
Ranged Weapons | 5 7 8 9 11 13 14 15 16 | 16.5
Fighting       | 3 4 5 6 7 9 10 11 | 11.0
Dodging        | 2 4 5 6 7 |  7.0
Invocations    | 4 8 10 | 10.0
Stealth        | |  1.1

Action                     |  1- 3 |  4- 6 |  7- 9 | 10-12 | 13-15 || total
---------------------------+-------+-------+-------+-------+-------++-------
   Fire: Shortbow          |    91 |    97 |   214 |       |       ||   402
         Orcbow            |       |       |   102 |   209 |       ||   311
         Longbow           |       |       |       |   128 |    97 ||   225
 Invoke: Heroism           |       |       |     8 |    16 |     3 ||    27
         Finesse           |       |       |       |     3 |     1 ||     4
    Use: Scroll            |     2 |     4 |    14 |     8 |     1 ||    29
         Potion            |     1 |       |       |     1 |       ||     2
 Armour: Leather armour    |     7 |       |    30 |   117 |    29 ||   183
         Ring mail         |     8 |    20 |    22 |       |       ||    50
  Dodge: Dodged            |    32 |    24 |   118 |   262 |   104 ||   540

Table legend:
 A = Non-vault XP
 B = Vault XP
 C = Vault XP percentage of total XP
 D = Non-vault monster count
 E = Vault monster count
 F = Vault count percentage of total count
                 A         B        C        D         E       F
            +---------+---------+-------+---------+---------+-------
      Total |   40253 |    2523 |   5.9 |     285 |      58 |  16.9
            +---------+---------+-------+---------+---------+-------
        D:1 |      33 |       2 |   5.7 |      18 |       2 |  10.0
        D:2 |      55 |      19 |  25.7 |      25 |       5 |  16.7
        D:3 |     312 |     308 |  49.7 |      30 |       2 |   6.2
        D:4 |     120 |       0 |   0.0 |      15 |       0 |   0.0
        D:5 |     556 |     154 |  21.7 |      27 |       6 |  18.2
        D:6 |     741 |     116 |  13.5 |      25 |       8 |  24.2
        D:7 |    1862 |     290 |  13.5 |      19 |       2 |   9.5
        D:8 |    1497 |     404 |  21.3 |      23 |       1 |   4.2
     Lair:1 |    5828 |       0 |   0.0 |      18 |       0 |   0.0
     Lair:2 |   17443 |     726 |   4.0 |      46 |       4 |   8.0
     Lair:3 |    5319 |       0 |   0.0 |      22 |       0 |   0.0
     Lair:5 |    6487 |     133 |   2.0 |      17 |       3 |  15.0
      Sewer |       0 |     371 | 100.0 |       0 |      25 | 100.0
            +---------+---------+-------+---------+---------+-------
